 Dungeon Crawl Stone Soup version 0.28-a0-265-g048bc9fd10 (webtiles) character file.

Game seed: 1628684387900278743

17 SeanNever the Shield-Bearer (level 2, 0/27 HPs)
             Began as a Minotaur Fighter on Aug 27, 2021.
             Slain by an iguana (7 damage)
             ... on level 4 of the Dungeon.
             The game lasted 00:01:52 (322 turns).

SeanNever the Shield-Bearer (Minotaur Fighter)       Turns: 322, Time: 00:01:53

Health: 0/27       AC:  7    Str: 20    XL:     2   Next: 44%
Magic:  1/1        EV:  7    Int:  5    God:
Gold:   78         SH:  8    Dex:  9    Spells: 1/1 levels left

rFire   . . .      SeeInvis .   h - +0 falchion
rCold   . . .      Faith    .   c - +0 kite shield
rNeg    . . .      Spirit   .   b - +0 scale mail
rPois   .          Reflect  .   (helmet restricted)
rElec   .          Harm     .   (no cloak)
rCorr   .          Rampage  .   (no gloves)
Will    .....                   (no boots)
Stlth   ..........              (no amulet)
HPRegen 0.09/turn               (no ring)
MPRegen 0.07/turn               (no ring)

@: no status effects
A: horns 2, retaliatory headbutt
a: no special abilities


You were on level 4 of the Dungeon.
You visited 1 branch of the dungeon, and saw 4 of its levels.

You collected 78 gold pieces.

Inventory:

Hand Weapons
 a - a +0 rapier
 h - a +0 falchion (weapon)
Armour
 b - a +0 scale mail (worn)
 c - a +0 kite shield (worn)
Scrolls
 f - a scroll of identify {unknown}
 g - a scroll of fog {unknown}
Potions
 d - a potion of might
 e - a potion of brilliance {unknown}
 i - a potion of haste {unknown}


   Skills:
 + Level 4.0 Fighting
 + Level 2.3 Short Blades
 + Level 0.1(1.5) Long Blades
 + Level 3.8 Armour
 + Level 4.1 Shields


You had one spell level left.
You didn't know any spells.
Your spell library was empty.

Dungeon Overview and Level Annotations

Branches:
Dungeon (4/15)
 Temple: D:4-7

Altars:


Innate Abilities, Weirdness & Mutations

You have a pair of horns on your head.
You reflexively headbutt those who attack you in melee.


Message History

Found 5 gold pieces.
There is an open door here.
A hobgoblin comes into view.
The hobgoblin shouts!
A quokka comes into view.
An iguana comes into view.
The iguana hisses angrily.
You see here 5 gold pieces.
Found a chain mail.
The hobgoblin hits you but does no damage.
You hit the hobgoblin.
You kill the hobgoblin!
The quokka barely misses you. You furiously retaliate!
You headbutt the quokka!
You kill the quokka!
Your Shields skill increases to level 4!
You hit the iguana but do no damage. You block the iguana's attack. x2
You hit the iguana. Your headbutt misses the iguana.
The iguana is moderately wounded.
The iguana bites you!
You hit the iguana but do no damage.
The iguana is moderately wounded.
The iguana bites you. The iguana barely misses you.
You closely miss the iguana.
The iguana is moderately wounded.
The iguana closely misses you.
You hit the iguana but do no damage.
The iguana is moderately wounded.
You block the iguana's attack.
You hit the iguana but do no damage.
The iguana is moderately wounded.
You block the iguana's attack. The iguana bites you!
* * * LOW HITPOINT WARNING * * *
You closely miss the iguana.
The iguana is moderately wounded.
The iguana bites you.
* * * LOW HITPOINT WARNING * * *
You hit the iguana.
The iguana is severely wounded.
The iguana bites you!
You die...

#.....#............
#.....#............
#.....'............
#.....#............
.
########†..#####+##
..###...####'###
...............#
...............+
[.....l@$......#
...#######+#####


You could see an iguana.

Vanquished Creatures
  A dart slug (D:3)
  2 bats
  2 giant cockroaches
  5 hobgoblins
  A quokka (D:4)
  A kobold (D:1)
  A rat (D:3)
13 creatures vanquished.

Notes
Turn   | Place    | Note
-------+----------+-------------------------------------------
     0 | D:1      | SeanNever the Minotaur Fighter began the quest for the Orb.
     0 | D:1      | Reached XP level 1. HP: 19/19 MP: 0/0
   236 | D:3      | Reached XP level 2. HP: 27/27 MP: 1/1
   322 | D:4      | Slain by an iguana

Illustrated notes

Levels and vault maps discovered:
D:1:      lightli_arrival_boilingwater, layout_basic, minmay_pentomino_r4
D:2:      layout_rooms, basic_altar, hellmonk_ecumenical_altar_arch_garden,
          eino_curves_02, uniq_robin, uniq_sigmund, uniq_natasha
D:3:      wander_river, layout_loops_ring, uniq_jessica
D:4:      layout_gridville, nicolae_overflow_hidden_temple,
          mainiacjoe_overflow_alcove_4

Skill      XL: |  1  2 |
---------------+-------+-----
Fighting       | 4 |  4.0
Shields        | 4 |  4.1
Short Blades   | |  2.3
Long Blades    | |  0.1
Armour         | |  3.8

Action                   || total
-------------------------++-------
Melee: Rapier            ||     7
       Falchion          ||    32
       Headbutt          ||     6
Armor: Scale mail        ||    18
Dodge: Dodged            ||    16
Block: Kite shield       ||    25

Table legend: (Time is in decaauts)
 A = Elapsed time spent in this place.
 B = Non-inter-level travel time spent in this place.
 C = Inter-level travel time spent in this place.
 D = Time resting spent in this place.
 E = Time spent auto-exploring this place.
 F = Levels seen in this place.
 G = Mean time per level.
                   A        B        C        D        E       F      G
               +--------+--------+--------+--------+--------+-----+--------+
         Total |    340 |    340 |      0 |      0 |      0 |   4 |   85.0 |
       Dungeon |    340 |    340 |      0 |      0 |      0 |   4 |   85.0 |
               +--------+--------+--------+--------+--------+-----+--------+

Top non-repeatable levels by time:
     D:1: 172 daAuts
     D:3: 68 daAuts
     D:4: 60 daAuts
     D:2: 39 daAuts
